 Dungeon Crawl Stone Soup version 0.22-a0-161-g198051c (console) character file.

21417 Et the Spear-Bearer (level 12, -5/98 HPs)
             Began as a Naga Summoner on Feb 11, 2018.
             Was an Elder of Hepliaklqana.
             Hit by a large rock thrown by a cyclops (22 damage)
             ... on level 2 of the Orcish Mines on Feb 12, 2018.
             The game lasted 01:16:48 (13901 turns).

Et the Spear-Bearer (Naga Summoner)                Turns: 13901, Time: 01:16:49

Health: -5/98      AC: 16    Str: 11    XL:     12   Next: 89%
Magic:  11/22      EV: 11    Int: 23    God:    Hepliaklqana [****..]
Gold:   1199       SH:  6    Dex: 14    Spells: 14/24 levels left

rFire    + . .     SeeInvis +   a - +3 spear (venom)
rCold    + . .     Gourm    .   V - +2 buckler
rNeg     . . .     Faith    .   J - +4 ring mail of Philately {MR+ Int+2 Dex+3}
rPois    +         Spirit   .   l - +1 helmet
rElec    .         Reflect  .   (no cloak)
rCorr    .         Harm     .   P - +2 pair of gloves
MR       ++...                  (no barding)
Stlth    +++.......             E - amulet of magic regeneration
HPRegen  0.26/turn              R - ring of protection from cold
MPRegen  0.43/turn              o - ring of protection from fire

@: very slow
A: large, reduced essence, see invisible, deformed body, poison resistance,
slowness 2, slow metabolism 1, spit poison 1, AC +4
a: Spit Poison, Recall Ancestor, Ancestor Identity, Transference, Idealise,
Renounce Religion


You were on level 2 of the Orcish Mines.
You worshipped Hepliaklqana.
Hepliaklqana was greatly pleased with you.
You were not hungry.

You visited 4 branches of the dungeon, and saw 15 of its levels.
You also visited: Sewer and Ossuary.

You collected 1199 gold pieces.

Inventory:

Hand Weapons
 a - a +3 spear of venom (weapon)
 g - a +0 dagger of protection
 q - a +2 mace of crushing
Missiles
 b - 17 stones (quivered)
 j - 5 tomahawks of returning
 k - 7 tomahawks
Armour
 e - a +0 troll leather armour
 l - a +1 helmet (worn)
 J - the +4 ring mail of Philately (worn) {MR+ Int+2 Dex+3}
   (You took it off an orc on level 4 of the Dungeon)

   It affects your intelligence (+2).
   It affects your dexterity (+3).
   It affects your resistance to hostile enchantments.
 P - a +2 pair of gloves (worn)
 V - a +2 buckler (worn)
Jewellery
 o - a ring of protection from fire (right hand)
 r - an uncursed ring of flight
 E - an amulet of magic regeneration (around neck)
 R - a ring of protection from cold (left hand)
Wands
 f - a wand of random effects (17)
 i - a wand of enslavement (10)
 t - a wand of digging (13)
Scrolls
 n - 2 scrolls of remove curse
 y - 6 scrolls of magic mapping
 B - 4 scrolls of fog
 C - 3 scrolls of blinking
 M - 2 scrolls of teleportation
 N - 2 scrolls of fear
Potions
 h - 2 potions of resistance
 m - 3 potions of lignification
 p - 2 potions of magic {unknown}
 D - a potion of heal wounds
 F - a potion of berserk rage
 I - 5 potions of curing {unknown}
 K - a potion of might {unknown}
 L - 3 potions of haste {unknown}
 S - 2 potions of mutation {unknown}
 W - a potion of agility {unknown}
 X - a potion of degeneration {unknown}
 Y - a potion of cancellation {unknown}
 Z - a potion of invisibility {unknown}
Comestibles
 c - 20 rations
 d - 3 chunks of flesh


   Skills:
 + Level 7.5 Fighting
 - Level 12.0 Polearms
 - Level 2.0 Armour
 + Level 6.7 Dodging
 - Level 9.0 Stealth
 - Level 2.5 Shields
 + Level 6.7 Spellcasting
 - Level 4.0 Hexes
 - Level 7.0 Summonings
 - Level 3.0 Air Magic
 - Level 5.0 Poison Magic
 + Level 3.0 Invocations


You had 14 spell levels left.
You knew the following spells:

 Your Spells              Type           Power        Failure   Level  Hunger
f - Call Canine Familiar  Summ           #####...     3%          3    None
i - Call Imp              Summ           #####...     1%          2    None
u - Summon Guardian Gole  Hex/Summ       ####....     6%          3    None
v - Poisonous Vapours     Pois/Air       ####..       5%          2    None


Dungeon Overview and Level Annotations

Branches:
Dungeon (10/15)            Temple (1/1) D:7            Lair (2/6) D:10
    Orc (2/2) D:10
  Swamp: Lair:2-4    Shoals: Lair:2-4     Snake: Lair:2-4    Spider: Lair:2-4
    Elf: Orc:2

Altars:
Ashenzari
Cheibriados
Dithmenos
Elyvilon
Fedhas
Gozag
Hepliaklqana
Kikubaaqudgha
Makhleb
Nemelex Xobeh
Okawaru
Qazlal
Ru
Sif Muna
Trog
Uskayaw
Vehumet
Wu Jian
Xom
Yredelemnul
Zin
The Shining One
Beogh

Annotations:
D:10 2 transporters
Lair:1 Gastronok


Innate Abilities, Weirdness & Mutations

You cannot wear boots.
Your serpentine skin is tough. (AC +4)
You have supernaturally acute eyesight. (SInv)
Armour fits poorly on your strangely shaped body.
Your system is resistant to poisons. (rPois)
You cover ground very slowly.
You have a slow metabolism.
You can spit poison.
Your life essence is reduced to manifest your ancestor. (-10% HP)


Message History

Aiming: Poisonous Vapours (safe; 5% risk of failure)
Press: ? - help, Dir - move target cursor, f/p - cyclops
Aim: a cyclops (lightly wounded, poisoned) Poisonous vapours surround the cyclops!
The cyclops is engulfed in poison gas.
The cyclops looks even sicker.
The cyclops throws a large rock.
The large rock hits you!!
You see here a large rock.
Casting: Poisonous Vapours (safe; 5% risk of failure)
Confirm with . or Enter, or press ? or * to list all spells.
A guardian golem appears, shielding your allies.
Unknown command.
The cyclops throws a large rock.
The large rock hits you!!
* * * LOW HITPOINT WARNING * * *
You see here a large rock.
The cyclops throws a large rock.
The large rock hits you but does no damage.
There is a stone staircase leading up, spattered with blood here.
You see here a large rock.
The cyclops throws a large rock.
The large rock hits you!!
You die...

....[.)...................##...#.
#.....)[....C....#.........##....
.#.)..#O[..)...(.##.##.....##....
)...).[..)..)....#..#.#.#...##...
.........).#...............##...#
..##.##....).(....<.#.#.#.####.##
.. ###.........#.(######...# ###
#. #..........)R..# #.....#
##.#........@8.# #.......#
####.#........# ##.###.##
###....)[[.##### ## ##.##[.)...##
##.##......# #.........##
##.......## ####.....####
##.#...#...#.##


You could see the friendly Small shork the battlemage, a cyclops and a friendly
guardian golem.

Vanquished Creatures
  2 two-headed ogres
  An orc high priest (Orc:1)
  An unseen horror (D:10)
  A fire crab (D:9)
  A deep elf archer (D:9)
  2 ugly things
  A manticore (D:10)
  Psyche (D:8)
  4 trolls (Orc:1)
  A slime creature (D:10)
  Sigmund (D:3)
  3 yaks
  A soldier ant (D:10)
  A porcupine (Lair:1)
  4 orc warriors
  An ice beast (D:6)
  3 sky beasts
  2 black bears
  6 ogres
  A wolf (D:8)
  4 centaurs
  2 crocodiles
  4 bullfrogs
  A water moccasin zombie (Ossuary)
  3 scorpions
  2 killer bees (D:8)
  3 wights
  A crimson imp (D:9)
  A howler monkey (D:8)
  A bullfrog zombie (D:6)
  3 hounds
  2 bullfrog skeletons
  6 orc priests
  2 centaur skeletons
  14 orc wizards
  10 worker ants
  A mummy (Ossuary)
  10 gnolls
  13 adders
  5 river rats
  2 shadow imps
  An adder zombie (Ossuary)
  An adder skeleton (D:4)
  3 worms
  2 dart slugs
  6 leopard geckos
  44 orcs
  6 ball pythons
  5 bats
  8 giant cockroaches
  2 gnoll zombies (Ossuary)
  4 goblins
  7 hobgoblins
  12 jackals
  A quokka (D:5)
  14 frilled lizards
  2 hobgoblin zombies (Ossuary)
  8 kobolds
  4 kobold zombies (Ossuary)
  5 orc zombies (Ossuary)
  A quokka skeleton (D:5)
  14 rats
278 creatures vanquished.

Vanquished Creatures (collateral kills)
  An ettin (D:9)
  2 hydras (Lair:1)
  2 two-headed ogres
  An ogre mage (Orc:2)
  A tengu warrior (D:10)
  2 deep trolls
  An orc knight (Orc:1)
  A cyclops (Orc:1)
  A spiny frog (Lair:1)
  3 trolls
  Grinder (D:5)
  A hippogriff (Lair:1)
  Grum (D:8)
  3 yaks (D:10)
  A hungry ghost (D:8)
  7 orc warriors
  A water moccasin (D:6)
  3 ice beasts
  11 ogres
  A necrophage (D:9)
  A phantom (D:9)
  An eye of draining (D:9)
  2 centaurs (D:10)
  A wolf (D:7)
  3 bullfrogs
  2 killer bees (D:8)
  A wight (D:9)
  2 howler monkeys (D:8)
  2 electric eels (Lair:1)
  4 crimson imps
  3 orc priests
  A jelly (D:7)
  A bullfrog skeleton (D:4)
  A centaur skeleton (D:10)
  3 iguanas
  2 ancestors
  8 orc wizards
  A worker ant (D:4)
  A big kobold zombie (Ossuary)
  A hound zombie (D:5)
  A mummy (Ossuary)
  A worker ant zombie (D:8)
  4 gnolls (D:8)
  A howler monkey skeleton (D:8)
  2 river rats (D:5)
  2 adders
  An adder zombie (Ossuary)
  A dart slug (D:4)
  32 orcs
  3 gnoll zombies (Ossuary)
  2 hobgoblin zombies (Ossuary)
  A kobold (D:1)
  A kobold zombie (Ossuary)
  A leopard gecko zombie (D:5)
  A rat (D:5)
  A plant (D:10)
141 creatures vanquished.

Vanquished Creatures (others)
  4 yaks
  4 battlemagi
  3 ancestors
  2 fungi (Lair:1)
  A plant (D:10)
14 creatures vanquished.

Grand Total: 433 creatures vanquished

Notes
Turn   | Place    | Note
-------+----------+-------------------------------------------
     0 | D:1      | Et the Naga Summoner began the quest for the Orb.
     0 | D:1      | Reached XP level 1. HP: 15/15 MP: 3/3
    34 | D:1      | Reached XP level 2. HP: 22/22 MP: 5/5
   287 | D:1      | Reached XP level 3. HP: 22/28 MP: 2/7
   291 | D:1      | Learned a level 2 spell: Call Imp
   295 | D:1      | Learned a level 3 spell: Call Canine Familiar
  1264 | D:2      | Reached skill level 5 in Stealth
  1264 | D:2      | Reached XP level 4. HP: 10/36 MP: 3/8
  1269 | D:2      | Learned a level 3 spell: Summon Guardian Golem
  2213 | D:3      | Reached XP level 5. HP: 30/42 MP: 9/9
  2252 | D:3      | Noticed Sigmund
  2279 | D:3      | Found a basalt altar of Yredelemnul.
  2381 | D:3      | Reached skill level 1 in Polearms
  2879 | D:3      | Reached skill level 2 in Polearms
  3228 | D:3      | Killed Sigmund
  3228 | D:3      | Reached skill level 3 in Polearms
  3228 | D:3      | Reached XP level 6. HP: 49/49 MP: 10/10
  3441 | D:4      | Reached XP level 7. HP: 51/55 MP: 11/11
  3464 | D:4      | Reached skill level 4 in Polearms
  3464 | D:4      | Reached skill level 1 in Hexes
  3962 | D:4      | Got a steaming ring mail
  3973 | D:4      | Identified the +4 ring mail of Philately {MR+ Int+2 Dex+3} (You took it off an orc on level 4 of the Dungeon)
  4177 | D:4      | Reached skill level 5 in Polearms
  4191 | D:4      | Noticed an angel
  4192 | D:4      | Found a glowing silver altar of Zin.
  4365 | D:4      | Reached XP level 8. HP: 62/62 MP: 13/13
  4404 | D:5      | Entered Level 5 of the Dungeon
  4448 | D:5      | Found a burning altar of Makhleb.
  4461 | D:5      | Noticed Grinder
  4487 | D:5      | Killed Grinder
  4652 | D:5      | Reached skill level 5 in Summonings
  4672 | D:5      | Reached skill level 6 in Polearms
  4674 | D:5      | Found a bloodstained altar of Trog.
  4676 | D:5      | Found a sparkling altar of Nemelex Xobeh.
  4685 | D:5      | Found a burning altar of Makhleb.
  4733 | D:5      | Found a glowing drain.
  4772 | Sewer    | Entered a sewer
  5525 | D:5      | Found a snail-covered altar of Cheibriados.
  5753 | D:6      | Reached skill level 7 in Polearms
  5823 | D:6      | Reached skill level 1 in Shields
  5862 | D:6      | Found a hide-covered altar of Uskayaw.
  5865 | D:6      | Noticed a dagger
  5866 | D:6      | Noticed a hand axe
  5942 | D:6      | Reached XP level 9. HP: 68/68 MP: 15/15
  6083 | D:6      | Reached skill level 8 in Polearms
  6629 | D:6      | Found a blossoming altar of Fedhas.
  6979 | D:7      | Found a staircase to the Ecumenical Temple.
  7022 | Temple   | Entered the Ecumenical Temple
  7162 | Temple   | Became a worshipper of Hepliaklqana the Forgotten
  7240 | D:7      | Found a sand-covered staircase.
  7246 | Ossuary  | Entered an ossuary
  7396 | Ossuary  | Reached skill level 9 in Polearms
  7684 | D:7      | Got a faintly humming ring mail
  7889 | D:7      | Found a stormy altar of Qazlal.
  7978 | D:7      | Identified the +3 ring mail of the Apprentice {Dex+3} (You found it on level 7 of the Dungeon)
  8305 | D:8      | Reached skill level 10 in Polearms
  8467 | D:8      | Noticed Psyche
  8481 | D:8      | Killed Psyche
  8481 | D:8      | Reached XP level 10. HP: 59/67 MP: 2/16
  8552 | D:8      | Reached skill level 11 in Polearms
  8558 | D:8      | Noticed Grum
  8580 | D:8      | Killed Grum
  8642 | D:8      | Noticed a two-headed ogre
  8766 | D:8      | Killed a two-headed ogre
  8766 | D:8      | Reached skill level 1 in Fighting
  8780 | D:8      | Noticed a green ugly thing
  8802 | D:8      | Killed a green ugly thing
  8966 | D:8      | Reached * piety under Hepliaklqana
  9205 | D:9      | Found an ancient bone altar of Kikubaaqudgha.
  9368 | D:9      | Found a shadowy altar of Dithmenos.
  9417 | D:9      | Found a runed door.
  9588 | D:9      | Reached XP level 11. HP: 70/79 MP: 18/18
  9714 | D:9      | Got a warped robe
  9725 | D:9      | Identified the cursed +1 robe of the Trees {rPois MR- Dex+3} (You found it on level 9 of the Dungeon)
  9914 | D:9      | Reached skill level 12 in Polearms
  9943 | D:9      | Found an ornate altar of the Wu Jian Council.
 10149 | D:9      | Noticed a deep elf archer
 10176 | D:9      | Killed a deep elf archer
 10176 | D:9      | Reached skill level 5 in Spellcasting
 10239 | D:9      | Noticed a brown ugly thing
 10251 | D:9      | Killed a brown ugly thing
 10275 | D:9      | Noticed an ettin
 10275 | D:9      | Noticed a fire crab
 10295 | D:9      | Killed an ettin
 10304 | D:9      | Killed a fire crab
 10566 | D:9      | Reached skill level 1 in Armour
 10612 | D:10     | Entered Level 10 of the Dungeon
 10883 | D:10     | Found a staircase to the Lair.
 10908 | Lair:1   | Entered Level 1 of the Lair of Beasts
 11223 | D:10     | Found a transporter.
 11227 | D:10     | Noticed a fire crab
 11283 | D:10     | Noticed a tengu warrior
 11342 | D:10     | Killed a tengu warrior
 11342 | D:10     | Reached skill level 5 in Fighting
 11458 | D:10     | Found a staircase to the Orcish Mines.
 11510 | D:10     | Found a transporter.
 11579 | D:10     | Noticed an unseen horror
 11583 | D:10     | Noticed a manticore
 11644 | D:10     | Killed an unseen horror
 11666 | D:10     | Reached skill level 5 in Dodging
 11692 | D:10     | Killed a manticore
 11896 | Lair:1   | Reached ** piety under Hepliaklqana
 11897 | Lair:1   | Remembered your ancestor Small shork as a battlemage
 12016 | Lair:1   | Noticed an eight-headed hydra
 12092 | Lair:1   | Killed an eight-headed hydra
 12092 | Lair:1   | Reached XP level 12. HP: 93/93 MP: 5/20
 12175 | Lair:1   | Noticed a seven-headed hydra
 12182 | Lair:1   | Killed a seven-headed hydra
 12400 | Lair:1   | Reached *** piety under Hepliaklqana
 12481 | Lair:1   | Noticed Gastronok
 12561 | Lair:1   | Learned a level 2 spell: Poisonous Vapours
 12596 | Orc:1    | Entered Level 1 of the Orcish Mines
 12601 | Orc:1    | Reached skill level 1 in Poison Magic
 12757 | Orc:1    | Found a roughly hewn altar of Beogh.
 12757 | Orc:1    | Noticed an orc high priest
 12768 | Orc:1    | Reached skill level 1 in Air Magic
 12785 | Orc:1    | Killed an orc high priest
 13091 | Orc:2    | Entered Level 2 of the Orcish Mines
 13416 | Orc:2    | Reached **** piety under Hepliaklqana
 13447 | Orc:2    | Noticed an ogre mage
 13455 | Orc:2    | Killed an ogre mage
 13455 | Orc:2    | Reached skill level 1 in Invocations
 13486 | Orc:2    | Noticed a two-headed ogre
 13486 | Orc:2    | Noticed a two-headed ogre
 13504 | Orc:1    | Killed a two-headed ogre
 13616 | Orc:2    | Noticed an ogre mage
 13643 | Orc:1    | Reached skill level 5 in Poison Magic
 13820 | Orc:2    | Noticed a two-headed ogre
 13841 | Orc:2    | Killed a two-headed ogre
 13859 | Orc:2    | Killed a two-headed ogre
 13901 | Orc:2    | Hit by a large rock thrown by a cyclops

Vault maps used:
D:1:      dpeg_chamrin_arrival_tetris
D:2:      grunt_decor_resistance
D:3:      hangedman_glass_teeth, yredelemnul_altar_generic, uniq_sigmund
D:4:      zin_angel, grunt_ministairs_9
D:5:      kennysheep_mini_moat, cheibrodos_worm_habitat,
          chequers_temple_overflow_statue_of_worship, lightli_sewer_entry_pipes,
          first_ration, bloody_makhleb, uniq_grinder
D:6:      dancing_weapons_uskayaw, fedhas_altar_fruit_tree
D:7:      overflow_temple_1_default, minmay_temple_entry_junction,
          nicolae_ossuary_entry_plus, grunt_ogre_cave
D:8:      uniq_psyche, uniq_grum
D:9:      kennysheep_little_box, nicolae_dithmenos_the_darkroom,
          old_standard_altar, minivault_13
D:10:     gammafunk_cloud_chamber, dpeg_oklobed_lair, grunt_tough_drop
Temple:   dpeg_chambers_temple
Lair:1:   wad_woods_03, lemuel_fruit_fields, lemuel_fruit_fields,
          infiniplex_staircase_pool, uniq_gastronok
Lair:2:   minmay_shoals_entry_beasts, beast_lair_carwin_10
Orc:1:    kennysheep_orc_chapel
Orc:2:    st_orc_open, special_room
Sewer:    sewer_co_cracked_pipes
Ossuary:  ossuary_tomb_2

Skill      XL: |  1  2  3  4  5  6  7  8  9 10 11 12 |
---------------+-------------------------------------+-----
Dodging        | 2 3 5 6 |  6.7
Stealth        | 5 6 8 9 |  9.0
Spellcasting   | 3 4 5 6 |  6.7
Polearms       | 3 5 7 10 11 12 | 12.0
Hexes          | 1 2 3 4 |  4.0
Summonings     | 5 7 |  7.0
Shields        | 1 2 |  2.5
Fighting       | 2 5 7 |  7.5
Armour         | 2 |  2.0
Poison Magic   | 5 |  5.0
Air Magic      | 3 |  3.0
Invocations    | 3 |  3.0

Action                   |  1- 3 |  4- 6 |  7- 9 | 10-12 || total
-------------------------+-------+-------+-------+-------++-------
Melee: Spear             |    28 |    95 |   432 |   468 ||  1023
 Fire: Hunting sling     |       |     3 |       |       ||     3
Throw: Stone             |       |     1 |       |       ||     1
 Cast: Summon Small Mamm |     4 |       |       |       ||     4
       Call Imp          |     5 |       |     9 |     8 ||    22
       Call Canine Famil |       |       |    29 |    31 ||    60
       Summon Guardian G |       |       |    36 |    63 ||    99
       Poisonous Vapours |       |       |       |    55 ||    55
Invok: Recall Ancestor   |       |       |     1 |     7 ||     8
       Ancestor Identity |       |       |     1 |       ||     1
       Ancestor Life: Ba |       |       |       |     1 ||     1
 Abil: Spit Poison       |    46 |    63 |    37 |    12 ||   158
Evoke: Wand              |       |       |       |     2 ||     2
  Use: Scroll            |       |     4 |    11 |     9 ||    24
 Stab: Distracted        |     1 |       |     6 |    14 ||    21
       Sleeping          |       |     1 |    19 |    10 ||    30
  Eat: Chunk             |     3 |    10 |    20 |    19 ||    52
       Ration            |       |       |     1 |       ||     1
Armor: Robe              |     6 |    19 |     2 |       ||    27
       Leather armour    |       |       |     7 |       ||     7
       Ring mail         |       |       |    91 |    91 ||   182
Dodge: Dodged            |    19 |    43 |    72 |    82 ||   216
Block: Buckler           |       |       |    44 |    70 ||   114

Table legend:
 A = Spawn XP
 B = Non-spawn XP
 C = Spawn XP percentage of total XP
 D = Spawn monster count
 E = Non-spawn monster count
 F = Spawn count percentage of total count
 G = Total turns spent on level
                    A         B        C        D         E        F      G
               +---------+---------+-------+---------+---------+-------+---------
         Total |       0 |   30596 |   0.0 |       0 |     420 |   0.0 | 13901
               +---------+---------+-------+---------+---------+-------+---------
           D:1 |       0 |      76 |   0.0 |       0 |      30 |   0.0 |  1162
           D:2 |       0 |      82 |   0.0 |       0 |      26 |   0.0 |  1012
           D:3 |       0 |     399 |   0.0 |       0 |      26 |   0.0 |  1264
           D:4 |       0 |     642 |   0.0 |       0 |      38 |   0.0 |   975
           D:5 |       0 |     691 |   0.0 |       0 |      32 |   0.0 |   911
           D:6 |       0 |     881 |   0.0 |       0 |      24 |   0.0 |  1241
           D:7 |       0 |    1058 |   0.0 |       0 |      22 |   0.0 |   911
           D:8 |       0 |    3823 |   0.0 |       0 |      37 |   0.0 |   848
           D:9 |       0 |    5078 |   0.0 |       0 |      28 |   0.0 |  1554
          D:10 |       0 |    4392 |   0.0 |       0 |      37 |   0.0 |  1012
        Lair:1 |       0 |    2485 |   0.0 |       0 |       9 |   0.0 |   757
        Lair:2 |       0 |     111 |   0.0 |       0 |       1 |   0.0 |    13
         Orc:1 |       0 |    5593 |   0.0 |       0 |      42 |   0.0 |   903
         Orc:2 |       0 |    5058 |   0.0 |       0 |      27 |   0.0 |   402
         Sewer |       0 |      55 |   0.0 |       0 |      16 |   0.0 |   396
       Ossuary |       0 |     172 |   0.0 |       0 |      25 |   0.0 |   271
               +---------+---------+-------+---------+---------+-------+---------
